 Dungeon Crawl Stone Soup version 0.29-a0-844-ge8845773e3 (webtiles) character file.

Game seed: 3537382526376212873

410 Locuples the Chopper (level 6, 0/56 HPs)
             Began as a Minotaur Berserker on July 15, 2022.
             Was an Elder of Trog.
             Slain by megeza's ghost (17 damage)
             ... on level 4 of the Dungeon.
             The game lasted 00:08:19 (4038 turns).

Locuples the Chopper (Minotaur Berserker)           Turns: 4038, Time: 00:08:19

Health: 0/56       AC:  6    Str: 23    XL:     6   Next: 58%
Magic:  5/5        EV: 11    Int:  4    God:    Trog [****..]
Gold:   234        SH:  0    Dex: 10    Spells: 5/5 levels left

rFire   . . .      SeeInvis .   s - +0 war axe
rCold   . . .      Faith    .   (no shield)
rNeg    . . .      Spirit   .   h - +0 ring mail
rPois   .          Reflect  .   (helmet restricted)
rElec   .          Harm     .   (no cloak)
rCorr   .          Rampage  .   (no gloves)
Will    .....                   (no boots)
Stlth   ..........              (no amulet)
HPRegen 0.18/turn               (no ring)
MPRegen 0.09/turn               (no ring)

@: on berserk cooldown, slowed, very slow
A: horns 2, retaliatory headbutt
a: Renounce Religion, Berserk, Trog's Hand, Brothers in Arms


You were on level 4 of the Dungeon.
You worshipped Trog.
Trog was greatly pleased with you.
You visited 1 branch of the dungeon, and saw 4 of its levels.
You also visited: Sewer.

You collected 234 gold pieces.

Inventory:

Hand Weapons
 a - a +0 hand axe
 s - a +0 war axe (weapon)
Armour
 h - a +0 ring mail (worn)
Wands
 v - a wand of charming (10)
Scrolls
 b - 3 scrolls of teleportation
 g - a scroll of immolation {unknown}
 i - a scroll of summoning {unknown}
 j - 2 scrolls of fog
 k - a scroll of magic mapping {unknown}
 n - a scroll of torment {unknown}
 q - a scroll of blinking
 t - a scroll of poison {unknown}
 u - 2 scrolls of noise {unknown}
Potions
 c - a potion of mutation {unknown}
 e - a potion of curing {unknown}
 f - 2 potions of cancellation
 l - a potion of brilliance {unknown}
 m - 2 potions of degeneration {unknown}
 o - a potion of might {unknown}
 p - 4 potions of flight
 r - a potion of attraction {unknown}
 w - a potion of invisibility {unknown}


   Skills:
 + Level 5.4 Fighting
 + Level 6.5 Axes
 + Level 5.2 Armour
 - Level 2.1 Dodging


You had 5 spell levels left.
You didn't know any spells.
Your spell library was empty.

Dungeon Overview and Level Annotations

Branches:
Dungeon (4/15)              Sewer (visited)
 Temple: D:4-7

Altars:
Cheibriados
Elyvilon
Trog

Shops:
D:1 [

Annotations:
D:4 megeza's ghost, novice OgBe


Innate Abilities, Weirdness & Mutations

You have a pair of horns on your head.
You reflexively headbutt those who attack you in melee.


Message History

You punch the adder!
The adder is severely wounded.
The adder bites you.
You closely miss the adder.
The adder is severely wounded.
The adder bites you but does no damage.
You barely miss the adder. You headbutt the adder.
You feel the power of Trog in you as your rage grows.
You kill the adder!
Trog accepts your kill.
You barely miss megeza's ghost.
Megeza's ghost screams in joy, "As in life, so in death: Kill!
Kill!!
Kill!!!"
Megeza's ghost hits you!!
You closely miss megeza's ghost. Your headbutt misses megeza's ghost.
Megeza's ghost barely misses you.
The river rat twitches its whiskers.
You slice megeza's ghost!!
Megeza's ghost is moderately damaged.
You barely miss megeza's ghost.
Megeza's ghost is moderately damaged.
Megeza's ghost hits you!!
You slash megeza's ghost! You headbutt megeza's ghost!
Megeza's ghost is heavily damaged.
Megeza's ghost hits you!!
* * * LOW HITPOINT WARNING * * *
x2 You are too berserk!
You feel a strong urge to attack something.
You feel your anger nearly subside.
You are no longer berserk.
You are exhausted.
You feel yourself slow down.
You feel much better. Megeza's ghost hits you!
You slash megeza's ghost!
Megeza's ghost is severely damaged.
Megeza's ghost completely misses you.
Megeza's ghost hits you but does no damage.
The river rat barely misses you.
You hit megeza's ghost.
Megeza's ghost is severely damaged.
You barely miss the river rat. Megeza's ghost hits you!
You die...

♣♣.......♣♣
##♣...≈≈≈...♣##
#....≈≈≈≈≈....#
#....≈≈♣≈≈....#
#....≈≈≈≈≈....#
#..†..≈≈≈.....#
#rS...........#
###rW.......###
#..@##.#..###
#...##.#)#######
#...##.W.#S≈≈≈≈≈
......##..r≈≈w≈[≈
#.####.
##.#r≈≈≈≈≈ #. .#
######### # .. .#


You could see megeza's ghost, a river rat, a quokka and a ball python.

Vanquished Creatures
  2 bullfrogs (Sewer)
  A scorpion (D:4)
  Robin (D:3)
  7 adders
  4 dart slugs
  3 orcs (D:3)
  20 ball pythons
  6 endoplasms (Sewer)
  17 giant cockroaches
  17 goblins (D:3)
  8 hobgoblins
  5 jackals
  6 kobolds
  6 quokkas
  2 bats
  11 frilled lizards
  10 rats
126 creatures vanquished.

Notes
Turn   | Place    | Note
-------+----------+-------------------------------------------
     0 | D:1      | Locuples the Minotaur Berserker began the quest for the
                  | Orb.
     0 | D:1      | Reached XP level 1. HP: 19/19 MP: 0/0
   173 | D:1      | Found Mitaum's Armour Shop.
   425 | D:1      | Reached skill level 4 in Axes
   468 | D:1      | Reached XP level 2. HP: 27/27 MP: 1/1
  1059 | D:2      | Found a faded altar of an unknown god.
  1154 | D:2      | Reached XP level 3. HP: 18/33 MP: 2/2
  1356 | D:2      | Reached ** piety under Trog
  1802 | D:3      | Found a glowing drain.
  1817 | Sewer    | Entered a sewer
  1926 | Sewer    | Reached XP level 4. HP: 28/41 MP: 3/3
  2055 | Sewer    | Reached skill level 5 in Axes
  2179 | Sewer    | Reached *** piety under Trog
  2652 | Sewer    | Noticed a bullfrog
  2653 | Sewer    | Noticed a bullfrog
  2659 | Sewer    | Killed a bullfrog
  2660 | Sewer    | Reached skill level 5 in Fighting
  2660 | Sewer    | Reached XP level 5. HP: 37/48 MP: 4/4
  2849 | D:3      | Found a snail-covered altar of Cheibriados.
  2855 | D:3      | Reached XP level 6. HP: 46/56 MP: 5/5
  2945 | D:3      | Reached skill level 6 in Axes
  3222 | D:3      | Noticed Robin
  3224 | D:3      | Reached **** piety under Trog
  3230 | D:3      | Killed Robin
  3792 | D:3      | Found a bloodstained altar of Trog.
  3979 | D:4      | Found a white marble altar of Elyvilon.
  4005 | D:4      | Found a runed translucent door.
  4010 | D:4      | Reached skill level 5 in Armour
  4015 | D:4      | Noticed megeza's ghost (novice OgBe)
  4038 | D:4      | Slain by megeza's ghost

Illustrated notes

Levels and vault maps discovered:
D:1:      dpeg_arrival_lava_temple_mockup, layout_basic, serial_curves,
          eino_curves_02, eino_curves_03, eino_curves_01, eino_curves_02,
          serial_shops, shop, st_stairs_7, chequers_serial_rivers_large_a
D:2:      layout_rooms, basic_ecumenical_altar
D:3:      kennysheep_goblin_castle, layout_loops_ring, trog_butcher_becter,
          kennysheep_slug_shrine, cheibrodos_sewer_entry_drain,
          grunt_ministairs_14
D:4:      layout_basic, kennysheep_mini_moat, elyvilon_altar_3,
          mainiacjoe_overflow_small_starburst, ebering_ghost_sewer_f,
          serial_bayou_crossing, uniq_eustachio, uniq_grinder, uniq_ijyb

Skill      XL: |  1  2  3  4  5  6 |
---------------+-------------------+-----
Axes           | 4 5 6 |  6.5
Fighting       | 4 5 |  5.4
Armour         | 3 4 5 |  5.2
Dodging        | |  2.1

Action                   |  1- 3 |  4- 6 || total
-------------------------+-------+-------++-------
Melee: Hand axe          |    98 |    77 ||   175
       Headbutt          |    11 |    15 ||    26
       War axe           |       |    50 ||    50
       Punch             |       |     1 ||     1
Invok: Berserk           |       |     3 ||     3
  Use: Potion            |       |     2 ||     2
       Scroll            |       |     4 ||     4
Armor: Animal skin       |     2 |       ||     2
       Ring mail         |    38 |    80 ||   118
Dodge: Dodged            |    74 |   101 ||   175

Table legend: (Time is in decaauts)
 A = Elapsed time spent in this place.
 B = Non-inter-level travel time spent in this place.
 C = Inter-level travel time spent in this place.
 D = Time resting spent in this place.
 E = Time spent auto-exploring this place.
 F = Levels seen in this place.
 G = Mean time per level.
                   A        B        C        D        E       F      G
               +--------+--------+--------+--------+--------+-----+--------+
         Total |   4161 |   4161 |      0 |    324 |   2909 |   5 |  832.2 |
       Dungeon |   3092 |   3092 |      0 |      3 |   2416 |   4 |  773.0 |
         Sewer |   1069 |   1069 |      0 |    321 |    493 |   1 | 1069.0 |
               +--------+--------+--------+--------+--------+-----+--------+

Top non-repeatable levels by time:
     D:3: 1313 daAuts
   Sewer: 1069 daAuts
     D:1: 1061 daAuts
     D:2: 635 daAuts
     D:4: 82 daAuts
